 Dungeon Sprint DCSS version 0.31-a0-632-g766dd24fdf (webtiles) character file.

Game seed: 11117474353986302168

900000 sircluck the Chopper (level 1, -22/19 HPs)
             Began as a Hill Orc Cinder Acolyte on Aug 25, 2023.
             Was a High Priest of Ignis.
             Annihilated by a meat berserker
             ... wielding a +9 battleaxe
              (41 damage)
             ... in the Dungeon (Sprint VIII: "Arena of Blood").
             The game lasted 00:00:16 (9 turns).

sircluck the Chopper (Hill Orc Cinder Acolyte)         Turns: 9, Time: 00:00:17

Health: -22/19     AC:  9    Str: 16    XL:     1   Next: 0%
Magic:  2/2        EV: 11    Int: 14    God:    Ignis [*****.]
Gold:   0          SH:  0    Dex:  6    Spells: 2/2 levels left

rFire   + . .        i - +∞ Axe of Woe
rCold   . . .        (shield currently unavailable)
rNeg    . . .        b - +0 robe
rPois   .            (no helmet)
rElec   .            (no cloak)
rCorr   .            (no gloves)
SInv    .            (no boots)
Will    .....        (no amulet)
Stlth   +            (no ring)
HPRegen 0.23/turn    (no ring)
MPRegen 0.08/turn

%: no teleportation
@: fiery-armoured
A: no striking features
a: Renounce Religion, Fiery Armour, Foxfire Swarm, Rising Flame


You were in the Dungeon.
You worshipped Ignis.
Ignis was extremely pleased with you.
You visited 1 branch

Inventory:

Hand Weapons
 a - a -1 hand axe of flaming
 i - the +∞ Axe of Woe (weapon)
   (You found it in the Dungeon)
Armour
 b - a +0 robe (worn)
Scrolls
 h - a scroll of blinking
Potions
 c - a potion of curing
 d - a potion of heal wounds
 e - a potion of haste
 f - 2 potions of magic
 g - a potion of berserk rage


   Skills:
 + Level 3.6 Fighting
 + Level 4.0 Axes
 + Level 1.0 Spellcasting
 + Level 3.2 Fire Magic


You had 2 spell levels left.
You didn't know any spells.
Your spell library contained the following spells:

 Spells                   Type           Power      Damage    Failure   Level
 Scorch                   Fire           18%        2d5       11%         2


Dungeon Overview and Level Annotations

Branches:
Dungeon (1/1)

Altars:
Makhleb


Message History

There are no items here.
Your -1 hand axe of flaming stops flaming.
i - the +∞ Axe of Woe (weapon)
A bag of meat comes into view. It is wielding a +9 war axe.
Unknown command.
A protective cloak of flame settles atop you.
The bag of meat shouts!
Activating: Foxfire Swarm
Press: ? - help, Dir - look around, f - activate Flames leap up around you!
A meat berserker comes into view. It is wielding a +9 battleaxe.
A bag of meat comes into view. It is wielding a +9 war axe.
The foxfire hits the bag of meat.
The bag of meat is lightly wounded.
The foxfire hits the bag of meat.
The bag of meat is lightly wounded.
The foxfire hits the bag of meat.
The bag of meat is lightly wounded.
The foxfire hits the bag of meat.
The bag of meat is lightly wounded.
The foxfire hits the bag of meat.
The bag of meat is lightly wounded.
The foxfire hits the bag of meat.
The bag of meat is lightly wounded.
The foxfire hits the bag of meat.
The bag of meat is lightly wounded.
A bag of meat comes into view. It is wielding a +9 war axe.
Your foxfire dissipates!
The foxfire hits the bag of meat.
The bag of meat is lightly wounded.
Unknown command.
Your foxfire dissipates! x2
The foxfire hits the bag of meat.
The bag of meat is lightly wounded.
A bag of meat comes into view. It is wielding a +9 war axe. x2
The bag of meat shouts! x2
A bag of meat comes into view. It is wielding a +9 war axe. x2
The meat berserker hits you with a +9 battleaxe!!!
Ouch! That really hurt!
You die...

....o.....
...........
......... #.....
.# .. #.... ..#
...###... ..###.
........###......
#.....O@o_.......
..o...#.....#..
..... #o.<._#
.... #.....# #..
....._oo...
........###......
. .###.o. ..###.
#... o.# #... v.#


You could see a meat berserker (berserk) and 7 bags of meat.

Vanquished Creatures (others)
  12 foxfires (D)
12 creatures vanquished.

Notes
Turn   | Place    | Note
-------+----------+-------------------------------------------
     0 | D        | Found the +∞ Axe of Woe
     0 | D        | sircluck the Hill Orc Cinder Acolyte began the quest for
                  | the Orb.
     0 | D        | Reached XP level 1. HP: 19/19 MP: 2/2
     2 | D        | Noticed a bag of meat
     4 | D        | Noticed a meat berserker
     4 | D        | Noticed a bag of meat
     6 | D        | Noticed a bag of meat
     7 | D        | Noticed a bag of meat
     7 | D        | Noticed a bag of meat
     9 | D        | Noticed a bag of meat
     9 | D        | Noticed a bag of meat
     9 | D        | Annihilated by a meat berserker

Illustrated notes

Levels and vault maps discovered:
D:        meatsprint

Action                     || total
---------------------------++-------
 Invoke: Foxfire Swarm     ||     1
         Fiery Armour      ||     1

Table legend: (Time is in decaauts)
 A = Elapsed time spent in this place.
 B = Non-inter-level travel time spent in this place.
 C = Inter-level travel time spent in this place.
 D = Time resting spent in this place.
 E = Time spent auto-exploring this place.
 F = Levels seen in this place.
 G = Mean time per level.
                   A        B        C        D        E       F      G
               +--------+--------+--------+--------+--------+-----+--------+
         Total |      8 |      8 |      0 |      0 |      0 |   1 |    8.0 |
       Dungeon |      8 |      8 |      0 |      0 |      0 |   1 |    8.0 |
               +--------+--------+--------+--------+--------+-----+--------+

Top non-repeatable levels by time:
       D: 8 daAuts
